 Dungeon Crawl Stone Soup version 0.29-a0-823-gc37b1572da (webtiles) character file.

Game seed: 9254749469221151863

193 gobodom the Chopper (level 5, -3/41 HPs)
             Began as a Demonspawn Fighter on July 8, 2022.
             Slain by a mummy (13 damage)
             ... in an ossuary.
             The game lasted 00:08:08 (3357 turns).

gobodom the Chopper (Demonspawn Fighter)            Turns: 3357, Time: 00:08:09

Health: -3/41      AC:  8    Str: 17    XL:     5   Next: 44%
Magic:  5/5        EV:  9    Int: 17    God:
Gold:   93         SH:  4    Dex: 10    Spells: 4/4 levels left

rFire   . . .      SeeInvis .   a - +0 war axe
rCold   + . .      Faith    .   c - +0 buckler
rNeg    . . .      Spirit   .   b - +0 scale mail
rPois   .          Reflect  .   (no helmet)
rElec   .          Harm     .   (no cloak)
rCorr   .          Rampage  .   m - +0 pair of gloves
Will    .....      Rnd*Tele +   (no boots)
Stlth   ..........              (no amulet)
HPRegen 0.13/turn               r - ring of protection from cold
MPRegen 0.09/turn               (no ring)

@: no status effects
A: ignite blood 1, weakness stinger 1, clever 2, teleportitis 1
a: no special abilities


You were in an ossuary.
You visited 1 branch of the dungeon, and saw 4 of its levels.
You also visited: Ossuary.

You collected 93 gold pieces.

Inventory:

Hand Weapons
 a - a +0 war axe (weapon)
Missiles
 n - 8 poisoned darts (quivered)
 u - 2 throwing nets
Armour
 b - a +0 scale mail (worn)
 c - a +0 buckler (worn)
 m - a +0 pair of gloves (worn)
Jewellery
 q - a ring of fire
 r - a ring of protection from cold (left hand)
Wands
 p - a wand of paralysis (8)
Scrolls
 f - 3 scrolls of fog {unknown}
 g - 4 scrolls of acquirement {unknown}
 h - a scroll of amnesia
 j - a scroll of magic mapping {unknown}
 l - 2 scrolls of fear {unknown}
 o - a scroll of enchant armour {unknown}
 s - 2 scrolls of enchant weapon {unknown}
Potions
 d - 3 potions of might
 t - a potion of magic


   Skills:
 + Level 3.6 Fighting
 + Level 4.0 Axes
 + Level 3.3 Armour
 + Level 0.5 Dodging
 + Level 0.3 Stealth
 + Level 3.0 Shields


You had 4 spell levels left.
You didn't know any spells.
Your spell library contained the following spells:

 Spells                   Type           Power      Damage    Failure   Level
 Apportation              Tloc           0%         N/A       71%         1
 Magic Dart               Conj           0%         1d3       71%         1
 Necrotise                Necr           0%         1d4       71%         1
 Summon Small Mammal      Summ           0%         N/A       71%         1
 Call Imp                 Summ           0%         N/A       83%         2
 Searing Ray              Conj           0%         2d4       83%         2
 Mephitic Cloud           Conj/Pois/Air  0%         N/A       97%         3
 Stone Arrow              Conj/Erth      0%         3d7       97%         3
 Animate Armour           Summ/Erth      0%         N/A       100%        4
 Fulminant Prism          Conj/Hex       0%         3d6       100%        4
 Lehudib's Crystal Spear  Conj/Erth      0%         10d2      100%        8


Dungeon Overview and Level Annotations

Branches:
Dungeon (4/15)            Ossuary (1/1)
 Temple: D:4-7

Altars:
Sif Muna

Shops:
D:3 :


Innate Abilities, Weirdness & Mutations

Your demonic aura sometimes causes spilled blood to erupt in flames.
You have a small tail.
Your mind is very acute. (Int +8, Str/Dex -2)
You are occasionally teleported next to monsters.


Message History

You hit the hobgoblin zombie.
You destroy the hobgoblin zombie!
You block the gnoll zombie's attack.
You hit the orc zombie. You tail-slap the orc zombie.
You destroy the orc zombie!
You completely miss the gnoll zombie. You hit the kobold zombie.
The gnoll zombie hits you.
The kobold zombie hits you but does no damage.
You slash the kobold zombie!
You destroy the kobold zombie!
You hit the gnoll zombie.
The gnoll zombie hits you but does no damage.
You slash the gnoll zombie!
The gnoll zombie is severely damaged.
The gnoll zombie hits you but does no damage.
You hit the gnoll zombie.
The gnoll zombie is almost destroyed.
You slash the orc zombie!
You destroy the orc zombie!
The gnoll zombie hits you.
You hit the gnoll zombie.
You destroy the gnoll zombie!
You hit the mummy. You slash the mummy! You tail-slap the mummy.
The mummy is severely damaged.
You hit the mummy. The mummy hits you! x2
* * * LOW HITPOINT WARNING * * *
Unknown command.
You hit the mummy. You tail-slap the mummy.
You destroy the mummy!
You hit the mummy. The mummy hits you!
* * * LOW HITPOINT WARNING * * *
Your Axes skill increases to level 4!
You feel better. The mummy barely misses you.
You hit the mummy.
The mummy is heavily damaged.
You closely miss the mummy.
The mummy is heavily damaged.
The mummy hits you!
You die...

...........
.........
........
......
#....#
#....#
#...M#
#..@.#
#....#
#....#
#....#
#....#
#.∩∩.#
######


You could see a mummy.

Vanquished Creatures
  2 mummies
  3 gnolls (D:3)
  3 adders
  An adder skeleton (D:3)
  4 worms
  A dart slug (D:1)
  5 orcs
  3 ball pythons
  4 endoplasms
  5 giant cockroaches
  A gnoll zombie (Ossuary)
  6 goblins
  10 hobgoblins
  3 jackals (D:3)
  3 quokkas
  A ball python skeleton (D:3)
  A ball python zombie (D:3)
  5 bats
  4 frilled lizards
  2 hobgoblin zombies (Ossuary)
  12 kobolds
  3 kobold zombies
  2 orc zombies (Ossuary)
  7 rats
91 creatures vanquished.

Vanquished Creatures (others)
  3 withered plants (D:3)
3 creatures vanquished.

Grand Total: 94 creatures vanquished

Notes
Turn   | Place    | Note
-------+----------+-------------------------------------------
     0 | D:1      | gobodom the Demonspawn Fighter began the quest for the Orb.
     0 | D:1      | Reached XP level 1. HP: 18/18 MP: 1/1
   193 | D:1      | Gained mutation: Your demonic aura sometimes causes spilled
                  | blood to erupt in flames. [demonic ancestry]
   193 | D:1      | Reached XP level 2. HP: 11/24 MP: 2/2
   356 | D:1      | Reached skill level 2 in Axes
   918 | D:1      | Discovered your monstrous ancestry.
   918 | D:1      | Gained mutation: You have a small tail. [demonic ancestry]
   918 | D:1      | Reached XP level 3. HP: 29/29 MP: 3/3
  1198 | D:2      | Found a faded altar of an unknown god.
  2117 | D:3      | Reached skill level 3 in Axes
  2117 | D:3      | Reached XP level 4. HP: 34/35 MP: 4/4
  2555 | D:3      | Found Ruipt's Book Shop.
  2889 | D:3      | Found a shimmering blue altar of Sif Muna.
  2944 | D:3      | Reached XP level 5. HP: 41/41 MP: 5/5
  3180 | D:3      | Gained mutation: Potions are less effective at restoring
                  | your health. [potion of mutation]
  3180 | D:3      | Gained mutation: You expend magic power (3 MP) to
                  | strengthen your wands. [potion of mutation]
  3180 | D:3      | Gained mutation: Your mind is acute. (Int +4, Str/Dex -1)
                  | [potion of mutation]
  3181 | D:3      | Lost mutation: Potions are less effective at restoring your
                  | health. [potion of mutation]
  3181 | D:3      | Lost mutation: You expend magic power (3 MP) to strengthen
                  | your wands. [potion of mutation]
  3181 | D:3      | Gained mutation: Your mind is very acute. (Int +8, Str/Dex
                  | -2) [potion of mutation]
  3181 | D:3      | Gained mutation: You are occasionally teleported next to
                  | monsters. [potion of mutation]
  3332 | D:4      | Found a sand-covered staircase.
  3340 | Ossuary  | Entered an ossuary
  3355 | Ossuary  | Reached skill level 4 in Axes
  3357 | Ossuary  | Slain by a mummy

Illustrated notes

Levels and vault maps discovered:
D:1:      dpeg_arrival_rhombi, layout_loops_ring,
          hangedman_abyss_or_decor_stabs, minmay_close_crescents
D:2:      layout_loops_cross, hellmonk_ecumenical_altar_blasted,
          chequers_serial_rivers_small_b, patterned_corridor
D:3:      layout_basic, led_sif_pool, serial_shops, nicolae_shop_waterfront,
          serial_undead, serial_undead_e, serial_undead_b, serial_undead_b,
          serial_undead_e, serial_undead_a, serial_undead_e, st_stairs_4,
          minivault_23, minmay_strange_pillars
D:4:      layout_basic, nicolae_ossuary_entry_giza, uniq_sigmund
Ossuary:  ossuary_tomb_3

Skill      XL: |  1  2  3  4  5 |
---------------+----------------+-----
Axes           | 2 3 4 |  4.0
Armour         | 3 |  3.3
Shields        | 3 |  3.0
Fighting       | |  3.6
Dodging        | |  0.5
Stealth        | |  0.3

Action                   |  1- 3 |  4- 6 || total
-------------------------+-------+-------++-------
Melee: War axe           |   118 |    93 ||   211
       Tailslap          |    10 |    19 ||    29
  Use: Scroll            |       |     5 ||     5
       Potion            |       |     3 ||     3
Armor: Scale mail        |    62 |    47 ||   109
Dodge: Dodged            |    54 |    33 ||    87
Block: Buckler           |    28 |    23 ||    51

Table legend: (Time is in decaauts)
 A = Elapsed time spent in this place.
 B = Non-inter-level travel time spent in this place.
 C = Inter-level travel time spent in this place.
 D = Time resting spent in this place.
 E = Time spent auto-exploring this place.
 F = Levels seen in this place.
 G = Mean time per level.
                   A        B        C        D        E       F      G
               +--------+--------+--------+--------+--------+-----+--------+
         Total |   3444 |   3351 |     93 |      0 |   2666 |   5 |  688.8 |
       Dungeon |   3424 |   3331 |     93 |      0 |   2666 |   4 |  856.0 |
       Ossuary |     20 |     20 |      0 |      0 |      0 |   1 |   20.0 |
               +--------+--------+--------+--------+--------+-----+--------+

Top non-repeatable levels by time:
     D:3: 1299 daAuts
     D:1: 1133 daAuts
     D:2: 832 daAuts
     D:4: 159 daAuts
 Ossuary: 20 daAuts
